 BcadrenCrawl: Boulder Brew version 0.05.32 (webtiles) character file.

Game seed: 8540703270279450041, levelgen mode: deterministic

5192 BR41ND34D the Cleaver (level 10, 0/90 HPs) Hill Orc Demonspawn. Began on Oct 5, 2021. Was a Believer of Beogh. Slain by a red ugly thing (11 damage) ... on level 5 of the Dungeon. The game lasted 00:50:14 (6040 turns).

BR41ND34D the Cleaver (Hill Orc Demonspawn)         Turns: 6040, Time: 00:50:15

Health: 0/90       AC: 28    Str: 21    XL:     10 ^: 1809
Magic:  16/16      EV: 10    Int: 12    God:    Beogh [2* [70]]
Gold:   268        SH:  0    Dex: 10    Spells: 16/17 levels left

rFire    . . .     Vision   +   a - +0 war axe
rCold    + . .     Gourm    .   (no weapon)
rNeg     . . .     Faith    .   r - +0 plate armour
rCorr    . . .     Spirit   .   D - +0 hat
rPois    +         Reflect  .   (no cloak)
rElec    .         Harm     .   (no gloves)
MR       .....                  o - +0 pair of boots
Stlth    ..........             (no amulet)
HPRegen  0.40/turn              e - ring of protection
MPRegen  0.26/turn              j - ring of protection

@: about to teleport, studying 2 skills
A: antennae, slimy green scales, cold resistance 1, freezing cloud immunity
a: Smiting, Renounce Religion


You were on level 5 of the Dungeon.
You worshipped Beogh.
Beogh was pleased with you.
You were hungry.

You visited 1 branch of the dungeon, and saw 5 of its levels.

You collected 268 gold pieces.

Inventory:

Weapons
 a - a +0 war axe (weapon)
 g - a +2 short sword of molten steel
 A - a +1 dagger of caustic ooze
 G - a +0 whip of venom Shields
 f - a cursed +1 buckler of protection {(Curse: rF-)}
Armour
 o - a +0 pair of boots (worn)
 r - a +0 plate armour (worn)
 D - a +0 hat (worn)
Jewellery
 e - a ring of protection (left hand)
 j - a ring of protection (right hand)
 p - an uncursed ring of fire
 w - a cursed ring of strength {(Curse: Slay-2)}
 y - an uncursed ring of stealth
 z - an uncursed ring of positive energy
 E - an uncursed ring of dexterity
Wands
 b - a wand of clouds (6)
 C - a wand of flame (15)
Scrolls
 i - 4 scrolls of fear
 l - a scroll of magic mapping
 m - 2 scrolls of bless item
 n - a scroll of summoning
 s - a scroll of silence
 v - a scroll of immolation
 x - 2 scrolls of fog
Potions
 c - a potion of lignification
 h - 4 potions of agility
 k - 2 potions of mutation
 q - 4 potions of curing
 u - a potion of brilliance
 B - a potion of cancellation
 F - a potion of heal wounds
Comestibles
 d - 14 rations


   Skills:
 * Level 8.8 Fighting
 * Level 9.9 Axes & Hammers
 * Level 7.9 Armour
 + Level 5.5 Dodging
 - Level 2.0 Stealth
 - Level 4.0 Spellcasting
 - Level 3.0 Fire Magic
 - Level 3.6 Invocations


You had 16 spell levels left.
You knew the following spells:

 Your Spells              Type           Power        Failure   Level  Hunger
a - Flame Tongue          Fire           9 (30)       26%         1    0-12

Your spell library contained the following spells:

 Spells                   Type           Power        Failure   Level  Hunger
 Conjure Flame Fire 9 (100) 63% 3 72-132 Slow Hex 2 (100) 67% 1 0-12 Blink Tloc N/A 80% 2 32-72 Call Imp Summ 2 (100) 80% 2 32-72 Mephitic Cloud Pois/Air       2 (100)      95%         3    72-132


Dungeon Overview and Level Annotations

Branches:
Dungeon (5/8)              Temple (0/1) D:4
   Lair: D:5

Altars:
Beogh
Hepliaklqana
Qazlal
The Shining One

Shops:
D:4 [


Innate Abilities, Weirdness & Mutations

You have a pair of antennae on your head. (+Vis)
You are covered in slimy green scales. (rPois, AC +3)
You are cold resistant. (rC+)
You are immune to freezing clouds.


Message History

You hit the red ugly thing but do no damage.
You hit the red ugly thing (1).
The red ugly thing is heavily wounded. (34/59) HP The orc warrior hits you from afar with a +0 glaive of electrocution (18)!!
* * * LOW HITPOINT WARNING * * *
You are shocked (5).
* * * LOW HITPOINT WARNING * * *
The red ugly thing tentacle-slaps you but does no damage.
You hit the red ugly thing (1). You closely miss the red ugly thing.
The red ugly thing is heavily wounded. (34/59) HP The red ugly thing tentacle-slaps you but does no damage.
The orc warrior hits you from afar with a +0 glaive of electrocution (5).
* * * LOW HITPOINT WARNING * * *
You are shocked (4).
* * * LOW HITPOINT WARNING * * *
The red ugly thing tentacle-slaps you but does no damage.
As you read the scroll of teleportation, it crumbles to dust.
You feel strangely unstable.
The red ugly thing tentacle-slaps you (11)!
You die...

{ .>. ..# ##### #####.#
#.# #...# ..{#'####'####
#.#.# ##...........#
#.#.# .............#
#.#.# #.........# #.#.#
#....oo{..# #.#.#
##.†'##{##########.#÷#
####..#{##)#.u@....##.#.#
#.h.....##.#o####.###)#.#
#.#†....##{#.# #[# #.#.#
#h{.....##.o.# #.# #{#.#
#.o{##.#.###### #.# #{#.#
..... #.#... { #.# #.#.#
.h..# #.##### #.#
#.#.##### .... #.#
#.###.#.#..<# .... .# {
#.....#.#.###


You could see a red ugly thing and an orc warrior.

Vanquished Creatures
  A hippogriff (shapeshifter) (D:5)
  Grinder (D:3)
  5 yaks (D:5)
  2 orc warriors
  A water moccasin (D:2)
  4 scorpions
  A necrophage (D:4)
  A soldier ant (D:5)
  An ice beast (D:4)
  6 ogres
  A sky beast (D:4)
  A crocodile (D:2)
  7 big kobolds
  5 bullfrogs
  2 crimson imps (D:4)
  3 orc priests (D:3)
  3 hounds
  6 jellies (D:2)
  6 orc wizards
  3 iguanas
  5 worker ants
  A water moccasin skeleton (D:3)
  11 giant cockroaches
  2 bullfrog zombies
  3 bullfrog skeletons (D:4)
  A shadow imp (D:4)
  7 adders
  42 sewer rats
  A white imp (D:3)
  9 cinder newts
  4 worms (D:2)
  A hound skeleton (D:3)
  5 oozes
  5 dart slugs
  6 leopard geckos
  15 orcs
  3 adder skeletons (D:2)
  A cinder newt skeleton (D:2)
  7 goblins (D:1)
  2 hobgoblins (D:1)
  4 jackals (D:4)
  3 ball pythons (D:2)
  6 bats
  A bat skeleton (D:2)
  A goblin skeleton (D:2)
  27 kobolds
  A kobold skeleton (D:2)
  2 quokka skeletons (D:3)
  A quokka zombie (D:4)
  3 rats (D:1)
  A rat skeleton (D:2)
  4 plants (D:3)
  79 withered plants (D:2)
324 creatures vanquished.

Vanquished Creatures (others)
  An orc priest (D:3)
  A giant cockroach (D:2)
  A dart slug (D:1)
  A leopard gecko (D:2)
  8 orcs (D:3)
  10 kobolds (D:2)
  A rat skeleton (D:2)
  2 butterflies (D:2)
  A giant blowfly (D:2)
  3 plants
  5 slimeheads (D:2)
  157 withered plants (D:2)
191 creatures vanquished.

Grand Total: 515 creatures vanquished

Notes
Turn   | Place    | Note
-------+----------+-------------------------------------------
     0 | D:1      | BR41ND34D the Hill Orc Demonspawn began the quest for the
                  | Orb.
     0 | D:1      | Reached XP level 1. HP: 16/16 MP: 3/3
    39 | D:1      | Gained mutation: You are covered in slimy green scales.
                  | (rPois, AC +3) [demonic ancestry]
    39 | D:1      | Reached XP level 2. HP: 19/23 MP: 4/4
    42 | D:1      | Reached skill level 3 in Axes & Hammers
    70 | D:1      | Gained mutation: You have a pair of antennae on your head.
                  | (+Vis) [demonic ancestry]
    70 | D:1      | Reached XP level 3. HP: 29/29 MP: 5/5
   178 | D:1      | Gained mutation: You are cold resistant. (rC+) [demonic
                  | ancestry]
   178 | D:1      | Reached XP level 4. HP: 33/36 MP: 6/6
   753 | D:1      | Reached XP level 5. HP: 32/42 MP: 7/7
   763 | D:1      | Reached skill level 4 in Axes & Hammers
   767 | D:1      | Reached skill level 1 in Armour
   847 | D:2      | Reached XP level 6. HP: 46/51 MP: 8/8
  1038 | D:2      | Reached skill level 5 in Axes & Hammers
  1038 | D:2      | Reached XP level 7. HP: 57/58 MP: 10/10
  1479 | D:2      | Found a glowing golden altar of the Shining One.
  1510 | D:2      | Found a hazy altar of Hepliaklqana.
  1543 | D:2      | Reached skill level 5 in Fighting
  1543 | D:2      | Reached skill level 6 in Axes & Hammers
  1543 | D:2      | Reached XP level 8. HP: 55/68 MP: 11/11
  2872 | D:2      | Reached skill level 7 in Axes & Hammers
  3372 | D:3      | Became a worshipper of Beogh the Brigand
  3419 | D:3      | Found a roughly hewn altar of Beogh.
  3428 | D:3      | Reached XP level 9. HP: 31/75 MP: 13/13
  3702 | D:3      | Noticed Grinder
  3713 | D:3      | Killed Grinder
  3926 | D:3      | Reached * piety under Beogh
  3928 | D:3      | Reached skill level 8 in Axes & Hammers
  4328 | D:4      | Found a staircase to the Ecumenical Temple.
  4397 | D:4      | Reached skill level 5 in Dodging
  4495 | D:4      | Reached skill level 5 in Armour
  4554 | D:4      | Reached ** piety under Beogh
  4679 | D:4      | Reached skill level 9 in Axes & Hammers
  4681 | D:4      | Gained mutation: You are immune to freezing clouds.
                  | [demonic ancestry]
  4681 | D:4      | Reached XP level 10. HP: 81/88 MP: 15/15
  5164 | D:4      | Found Kecu's Antique Armour Emporium.
  5241 | D:4      | Found a stormy altar of Qazlal.
  5396 | D:5      | Entered Level 5 of the Dungeon
  6040 | D:5      | Slain by a red ugly thing

Levels and vault maps discovered:
D:1:      psy_arrival_basics, layout_cave_pools, minmay_box_of_dots
D:2:      layout_sewer, bcadren_lemuel_inverted_doored_altar,
          overflow_temple_1_default
D:3:      layout_loops_ring, cheibrodos_pilgrimage, first_ration,
          serial_bayou_pond_e, blue_anna_alchemist [blue_anna_fruit_fields,
          blue_anna_fruit_fields], chequers_arboretum, uniq_grinder
D:4:      lemuel_ice_spiral_2, layout_rooms, minmay_temple_entry_purple_smoke,
          serial_shops, shop, basic_altar, minmay_increasing_density
D:5:      layout_basic, fedhas_altar_3, nemelex_xobeh_ov_fountains_minmay,
          erik_lair_orcish_takeover, minmay_stone_trees_medium, minmay_bent

Skill      XL: |  1  2  3  4  5  6  7  8  9 10 |
---------------+-------------------------------+-----
Axes & Hammers | 3 4 5 6 7 9 |  9.9
Fighting       | 2 3 5 6 7 8 |  8.8
Stealth        | 2 |  2.0
Armour         | 1 2 3 6 7 |  7.9
Dodging        | 3 4 5 |  5.5
Fire Magic     | 3 |  3.0
Spellcasting   | 2 3 4 |  4.0
Invocations    | |  3.6

Action                   |  1- 3 |  4- 6 |  7- 9 | 10-12 || total
-------------------------+-------+-------+-------+-------++-------
Melee: War axe           |    39 |   153 |   661 |   174 ||  1027
       Unarmed           |    24 |   112 |   497 |   148 ||   781
Invok: Convert to Beogh  |       |       |     1 |       ||     1
  Use: Potion            |       |       |     1 |     3 ||     4
       Scroll            |       |       |       |     1 ||     1
 Stab: Sleeping          |       |     2 |     1 |       ||     3
       Distracted        |       |       |     1 |       ||     1
  Eat: Chunk             |       |     1 |    13 |     1 ||    15
       Ration            |       |       |     1 |     1 ||     2
Armor: Leather armour    |    20 |   106 |   223 |       ||   349
       Plate armour      |       |       |    99 |   126 ||   225
Dodge: Dodged            |    44 |   196 |   576 |    44 ||   860
